 Dungeon Crawl Stone Soup version 0.20-a0-893-g832831a (webtiles) character file.

49350 FrozenPanda the Covert (level 14, -31/98 HPs)
             Began as an Octopode Earth Elementalist on Mar 15, 2017.
             Was an Elder of Ashenzari.
             Annihilated by a two-headed ogre
             ... wielding a +0 giant spiked club
              (32 damage)
             ... on level 2 of the Orcish Mines on Mar 16, 2017.
             The game lasted 01:21:06 (32153 turns).

FrozenPanda the Covert (OpEE)                      Turns: 32153, Time: 01:21:06

Health: -31/98     AC:  1    Str: 10    XL:     14   Next: 50%
Magic:  7/27       EV: 24    Int: 25    God:    Ashenzari [****..]
Gold:   1046       SH:  3    Dex: 14    Spells: 8/31 levels left

rFire    . . .     SeeInvis +   E - +6 rapier (venom)
rCold    . . .     Gourm    .   (no shield)
rNeg     . . .     Faith    .   (helmet restricted)
rPois    +         Spirit   .   I - +3 amulet of reflection
rElec    .         Reflect  +   n - +4 ring of intelligence (curse)
rCorr    .         Harm     .   s - ring of wizardry (curse)
MR       ++...     Clarity  +   v - ring of wizardry
Stlth    +++++++...             o - ring of wizardry
Regen    0.3/turn               z - +4 ring of evasion
MPRegen  0.2/turn               B - ring of protection from magic (curse)
                                K - +3 ring of intelligence
                                f - ring of see invisible

@: hasted, very quick
A: almost no armour, stealthy swim, amphibious, 8 rings, constrict 8, camouflage
1, clarity, poison resistance, gelatinous body 1
a: Curse Item, Scrying, Renounce Religion


You were on level 2 of the Orcish Mines.
You worshipped Ashenzari.
Ashenzari was greatly pleased with you.
You were not hungry.

You visited 4 branches of the dungeon, and saw 18 of its levels.
You also visited: Sewer and Ossuary.

You collected 1350 gold pieces.
You spent 304 gold pieces at shops.

Inventory:

Hand Weapons
 x - a +1 arbalest of electrocution
 E - a +6 rapier of venom (weapon)
 O - a +4 scimitar of flaming
Missiles
 b - 249 stones (quivered)
 L - 61 bolts
Magical Staves
 S - an uncursed staff of cold
Jewellery
 f - a ring of see invisible (on tentacle)
 m - an uncursed amulet of guardian spirit
 n - a cursed +4 ring of intelligence (left tentacle)
 o - a ring of wizardry (on tentacle)
 s - a cursed ring of wizardry (right tentacle)
 v - a ring of wizardry (on tentacle)
 z - a +4 ring of evasion (on tentacle)
 B - a cursed ring of protection from magic (on tentacle)
 I - a +3 amulet of reflection (around mantle)
 K - a +3 ring of intelligence (on tentacle)
Wands
 e - a wand of scattershot (5/9)
 k - a wand of polymorph (12/24)
 q - a wand of iceblast (5/15)
 y - a wand of clouds (4/9)
 Q - a wand of flame (23/48)
Scrolls
 d - a scroll of blinking
 g - 3 scrolls of enchant armour
 u - 2 scrolls of teleportation
 C - 2 scrolls of amnesia
 D - a scroll of magic mapping
 F - 2 scrolls of fog
 J - a scroll of remove curse
Potions
 h - 2 potions of flight
 j - 6 potions of curing
 p - 2 potions of brilliance
 r - 2 potions of might
 w - 4 potions of cancellation
 A - a potion of agility
 R - 2 potions of mutation
Miscellaneous
 G - a phantom mirror
Comestibles
 a - 18 fruits
 c - 7 bread rations
 i - 11 chunks of flesh
 t - 4 meat rations
 M - 3 royal jellies


   Skills:
 + Level 9.9 Fighting
 + Level 8.6 Short Blades
 + Level 10.3 Dodging
 + Level 13.9 Stealth
 - Level 4.2 Unarmed Combat
 + Level 9.4 Spellcasting
 - Level 3.6 Conjurations
 + Level 7.1 Hexes
 - Level 3.7 Transmutations
 + Level 8.8 Earth Magic


You had 8 spell levels left.
You knew the following spells:

 Your Spells              Type           Power        Failure   Level  Hunger
a - Stone Arrow           Conj/Erth      #####.       1%          3    None
b - Sandblast             Erth           ######       1%          1    None
c - Confuse               Hex            #####...     1%          3    None
e - Ensorcelled Hibernat  Hex/Ice        ####..       1%          2    None
l - Lee's Rapid Deconstr  Erth           ######....   1%          5    ####...
p - Petrify               Tmut/Erth      #####...     1%          4    #......
t - Tukima's Dance        Hex            #####...     1%          3    None
w - Passwall              Tmut/Erth      #####.....   1%          2    None


Dungeon Overview and Level Annotations

Branches:
Dungeon (9/15)             Temple (1/1) D:4            Lair (6/6) D:9
 Shoals (0/4) Lair:4        Snake (0/4) Lair:3        Slime (0/5) Lair:5
    Orc (2/2) D:9             Elf (0/3) Orc:2

Altars:
Ashenzari
Cheibriados
Dithmenos
Elyvilon
Fedhas
Gozag
Hepliaklqana
Kikubaaqudgha
Makhleb
Nemelex Xobeh
Okawaru
Qazlal
Ru
Sif Muna
Trog
Uskayaw
Vehumet
Wu Jian
Xom
Yredelemnul
Zin
The Shining One

Shops:
D:6 ?(!   Orc:1 =

Annotations:
Lair:3 exclusion: oklob plant
Lair:5 exclusion: 2 oklob plants


Innate Abilities, Weirdness & Mutations

You cannot wear most types of armour.
You are very stealthy in the water. (Stealth+)
You are amphibious.
You can wear up to eight rings at the same time.
You can use your tentacles to constrict eight enemies at once.
Your skin changes colour to match your surroundings (Stealth+).
Your rubbery body absorbs attacks. (AC +1, EV +1)
You possess an exceptional clarity of mind.
Your system is resistant to poisons. (rPois)


Message History

The ogre mage casts a spell.
The ogre mage seems to speed up.
You hit the two-headed ogre.
The two-headed ogre looks as sick as possible!
The two-headed ogre is heavily wounded.
The two-headed ogre hits you with a giant spiked club!
The two-headed ogre hits you with a giant spiked club!!
* * * LOW HITPOINT WARNING * * *
You are too injured to fight recklessly!
You are too injured to fight recklessly!
The ogre mage gestures at the two-headed ogre while chanting.
The two-headed ogre seems to speed up.
The two-headed ogre barely misses you.
The two-headed ogre completely misses you.
You feel yourself speed up.
The ogre mage gestures at you while chanting.
The bolt of lightning hits you!
* * * LOW HITPOINT WARNING * * *
The two-headed ogre hits you with a giant spiked club!!
You die...

........................#
........................#
##.#..........[.........#
#.............))#.......#
...#.............<.....##
#.###.........)[........#
#####.......)..........##
#..........[........##
##...........@.......#
###.......#...OO.....##
##.....................#
#............#........##
##.......#.............#
#.................#..##
##.#.......#.........#
##........##........# ##
##.......#.#.......#


You could see a two-headed ogre and an ogre mage.

Vanquished Creatures
  5 dire elephants (Lair:6)
  Fannar (D:9)
  5 hydras
  An anaconda (Lair:6)
  Erica (D:9)
  2 two-headed ogres
  A deep troll (Orc:2)
  An oklob plant (Lair:3)
  An orc knight (Orc:1)
  2 merfolk sirens (Lair:4)
  3 black mambas
  16 elephants
  A torpor snail (Lair:3)
  Psyche (D:8)
  13 spiny frogs
  4 rime drakes
  17 komodo dragons
  2 merfolk
  5 polar bears
  2 blink frogs (Lair:6)
  Grinder (D:5)
  9 hippogriffs
  Sigmund (D:2)
  32 yaks
  Grum (D:8)
  A basilisk (D:9)
  3 wargs (Orc:1)
  3 nagas (Lair:3)
  Duvessa (D:7)
  12 porcupines
  12 water moccasins
  A sky beast (D:9)
  3 black bears
  2 ice beasts (D:8)
  5 orc warriors
  6 necrophages (D:8)
  2 phantoms
  12 ogres
  8 wolves
  3 centaurs
  17 crocodiles
  2 big kobolds
  17 bullfrogs
  3 elf zombies
  Blork the orc (D:5)
  A water moccasin zombie (D:8)
  4 elf skeletons (D:7)
  Dowan (D:7)
  2 scorpions
  A water moccasin skeleton (D:7)
  A jelly (D:7)
  4 killer bees (D:9)
  5 wights (D:8)
  An electric eel (Lair:4)
  5 crimson imps
  4 centaur zombies
  2 bullfrog zombies (D:7)
  A quasit (D:9)
  8 orc priests
  3 hounds
  10 orc wizards
  A bullfrog skeleton (D:9)
  Jessica (D:2)
  A human skeleton (D:7)
  An iguana (D:9)
  3 worker ants
  2 ogre zombies (Ossuary)
  8 mummies
  A worker ant zombie (D:7)
  12 adders
  8 river rats
  2 shadow imps
  An ooze (D:2)
  3 adder zombies (Ossuary)
  3 worms
  A dart slug (D:1)
  10 leopard geckos
  50 orcs
  6 giant cockroaches
  9 goblins
  13 hobgoblins
  16 jackals
  8 quokkas
  7 ball pythons
  10 bats
  4 frilled lizards
  A giant cockroach zombie (D:6)
  A gnoll zombie (Ossuary)
  4 goblin zombies (Ossuary)
  4 hobgoblin zombies (Ossuary)
  A jackal zombie (D:8)
  22 kobolds
  7 kobold zombies (Ossuary)
  A leopard gecko skeleton (D:7)
  A leopard gecko zombie (D:5)
  A quokka skeleton (D:5)
  A quokka zombie (Ossuary)
  23 rats
  3 rat zombies (Ossuary)
  A fungus (Lair:6)
  2 plants
549 creatures vanquished.

Vanquished Creatures (collateral kills)
  An orc warrior (Orc:1)
1 creature vanquished.

Vanquished Creatures (others)
  A catoblepas (Lair:5)
  2 dancing weapons
  A human (D:9)
  A bush (Lair:6)
  18 fungi
  19 plants
  A withered plant (D:8)
43 creatures vanquished.

Grand Total: 593 creatures vanquished

Notes
Turn   | Place    | Note
-------+----------+-------------------------------------------
     0 | D:1      | FrozenPanda the Octopode Earth Elementalist began the quest for the Orb.
     0 | D:1      | Reached XP level 1. HP: 11/11 MP: 3/3
   467 | D:1      | Reached skill level 1 in Fighting
   467 | D:1      | Reached XP level 2. HP: 18/18 MP: 5/5
   499 | D:1      | Reached skill level 3 in Stealth
   792 | D:1      | Reached skill level 1 in Unarmed Combat
  1123 | D:1      | Reached XP level 3. HP: 18/23 MP: 6/6
  1372 | D:2      | Found a sparkling altar of Nemelex Xobeh.
  1372 | D:2      | Noticed Sigmund
  1398 | D:1      | Learned a level 2 spell: Passwall
  1451 | D:2      | Noticed Jessica
  2134 | D:2      | Reached XP level 4. HP: 8/28 MP: 4/7
  2149 | D:1      | HP: 1/28 [poisoned by an adder]
  2481 | D:1      | Noticed a phantom
  2529 | D:1      | Killed a phantom
  2529 | D:1      | Reached skill level 4 in Stealth
  2529 | D:1      | Reached XP level 5. HP: 31/34 MP: 0/8
  2779 | D:2      | Killed Jessica
  2831 | D:2      | Killed Sigmund
  2831 | D:2      | Reached XP level 6. HP: 40/40 MP: 2/10
  3095 | D:2      | Found a faded altar of an unknown god.
  3862 | D:3      | Learned a level 3 spell: Stone Arrow
  4860 | D:3      | Reached XP level 7. HP: 45/45 MP: 11/11
  4895 | D:3      | Reached skill level 5 in Stealth
  5497 | D:4      | Learned a level 4 spell: Petrify
  5540 | D:4      | Found a staircase to the Ecumenical Temple.
  5582 | Temple   | Entered the Ecumenical Temple
  5765 | Temple   | Became a worshipper of Ashenzari the Shackled
  5947 | D:4      | Found a sacrificial altar of Ru.
  6392 | D:5      | Entered Level 5 of the Dungeon
  6398 | D:5      | Noticed Blork the orc
  6592 | D:5      | Noticed Grinder
  6611 | D:5      | Paralysed by Grinder for 2 turns
  6617 | D:5      | Killed Grinder
  6617 | D:5      | Reached skill level 6 in Stealth
  6617 | D:5      | Reached XP level 8. HP: 48/52 MP: 13/13
  6774 | D:5      | Found a glowing drain.
  6780 | Sewer    | Entered a sewer
  7226 | Sewer    | Reached skill level 5 in Earth Magic
  8169 | D:5      | Killed Blork the orc
  8970 | D:6      | Found Sicasuew's Antique Weapon Boutique.
  9022 | D:6      | Found Adeff's Magic Scroll Shop.
  9274 | D:6      | Learned a level 5 spell: Lee's Rapid Deconstruction
  9274 | D:6      | Bought a scroll of fog for 26 gold pieces
  9274 | D:6      | Bought a scroll of fear for 45 gold pieces
  9274 | D:6      | Bought a scroll of teleportation for 39 gold pieces
  9274 | D:6      | Bought a scroll of identify for 26 gold pieces
  9274 | D:6      | Bought a scroll of identify for 26 gold pieces
  9274 | D:6      | Bought a scroll of identify for 26 gold pieces
  9319 | D:6      | Found a deep blue altar of Sif Muna.
  9357 | D:6      | Found a basalt altar of Yredelemnul.
  9521 | D:6      | Found a blossoming altar of Fedhas.
  9538 | D:6      | Reached skill level 7 in Stealth
  9602 | D:6      | Found Jeplynew's Distillery.
  9605 | D:6      | Bought a potion of agility for 56 gold pieces
  9739 | D:6      | Reached skill level 5 in Dodging
  9739 | D:6      | Reached XP level 9. HP: 53/59 MP: 10/15
  9935 | D:7      | Found a sand-covered staircase.
 10029 | Ossuary  | Entered an ossuary
 10132 | Ossuary  | Reached skill level 1 in Short Blades
 10341 | Ossuary  | Reached * piety under Ashenzari
 10920 | D:7      | Reached skill level 5 in Fighting
 10929 | D:7      | Reached skill level 8 in Stealth
 11206 | D:7      | Reached skill level 5 in Spellcasting
 11212 | D:7      | Noticed Dowan
 11213 | D:7      | Noticed Duvessa
 11225 | D:7      | Killed Duvessa
 11229 | D:7      | Killed Dowan
 11860 | D:8      | Noticed a phantasmal warrior
 11971 | D:8      | Reached XP level 10. HP: 59/66 MP: 17/17
 12089 | D:8      | Noticed Psyche
 12228 | D:8      | Reached skill level 1 in Conjurations
 12253 | D:8      | Killed Psyche
 12253 | D:8      | Reached skill level 9 in Stealth
 12479 | D:8      | Noticed Grum
 12848 | D:8      | Noticed a death knight
 13037 | D:8      | Killed Grum
 13716 | D:9      | Noticed Erica
 13751 | D:9      | Killed Erica
 14129 | D:9      | Noticed a two-headed ogre
 14137 | D:9      | Killed a two-headed ogre
 14137 | D:9      | Reached skill level 10 in Stealth
 14137 | D:9      | Reached XP level 11. HP: 8/74 MP: 4/20
 14455 | D:9      | Found an ancient bone altar of Kikubaaqudgha.
 14721 | D:9      | Learned a level 3 spell: Confuse
 14724 | D:9      | Learned a level 2 spell: Ensorcelled Hibernation
 15198 | D:9      | Reached ** piety under Ashenzari
 15204 | D:9      | Found a staircase to the Lair.
 15261 | D:9      | Found a staircase to the Orcish Mines.
 15334 | D:9      | Found an ancient bone altar of Kikubaaqudgha.
 15616 | D:9      | Found a deep blue altar of Sif Muna.
 15616 | D:9      | Found an ornate altar of the Wu Jian Council.
 15667 | D:9      | Reached skill level 1 in Hexes
 16001 | Lair:1   | Entered Level 1 of the Lair of Beasts
 16001 | Lair:1   | Noticed Fannar
 16747 | D:9      | Killed Fannar
 16747 | D:9      | Reached skill level 5 in Short Blades
 17020 | Lair:1   | Reached skill level 11 in Stealth
 17342 | Lair:1   | Gained mutation: Your system is resistant to poisons. (rPois) [potion of mutation]
 17342 | Lair:1   | Gained mutation: You possess an exceptional clarity of mind. [potion of mutation]
 17850 | Lair:1   | Reached XP level 12. HP: 81/81 MP: 22/22
 18591 | Lair:1   | Learned a level 3 spell: Tukima's Dance
 18609 | Lair:2   | Noticed a four-headed hydra
 18620 | Lair:2   | Killed a one-headed hydra
 20026 | Lair:2   | Reached skill level 12 in Stealth
 20200 | Lair:2   | Noticed an eight-headed hydra
 20239 | Lair:2   | Killed a four-headed hydra
 20886 | Lair:3   | Found a staircase to the Snake Pit.
 21157 | Lair:3   | Upgraded the game from 0.20-a0-876-g2c7b0bf to 0.20-a0-893-g832831a
 22276 | Lair:3   | Reached XP level 13. HP: 81/89 MP: 15/25
 22623 | Lair:3   | Reached *** piety under Ashenzari
 22781 | Lair:3   | Reached skill level 5 in Hexes
 23202 | Lair:4   | Found a staircase to the Shoals.
 24533 | Lair:5   | Reached skill level 13 in Stealth
 25971 | Lair:6   | Entered Level 6 of the Lair of Beasts
 27652 | Lair:6   | Noticed a dire elephant
 27671 | Lair:6   | Killed a dire elephant
 27735 | Lair:6   | Noticed a dire elephant
 27747 | Lair:6   | Killed a dire elephant
 27747 | Lair:6   | Reached XP level 14. HP: 21/97 MP: 25/27
 28040 | Lair:6   | Noticed a dire elephant
 28056 | Lair:6   | Killed a dire elephant
 28279 | Lair:6   | Reached skill level 10 in Dodging
 28737 | Lair:6   | Noticed a dire elephant
 29110 | Lair:6   | Noticed a dire elephant
 29110 | Lair:6   | Noticed a dire elephant
 29346 | Lair:6   | Killed a dire elephant
 29826 | Lair:6   | Killed a dire elephant
 30181 | Orc:1    | Entered Level 1 of the Orcish Mines
 30359 | Orc:1    | Found Niaruc's Jewellery Boutique.
 30388 | Orc:1    | Bought a cursed amulet of inaccuracy for 30 gold pieces
 30388 | Orc:1    | Bought a cursed -3 ring of dexterity for 30 gold pieces
 30638 | Orc:1    | Found a shimmering altar of Xom.
 30977 | Orc:2    | Entered Level 2 of the Orcish Mines
 31599 | Orc:2    | Found a staircase to the Elven Halls.
 31648 | Orc:2    | Reached **** piety under Ashenzari
 32153 | Orc:2    | HP: 1/98 [ogre mage/bolt of lightning (28)]
 32153 | Orc:2    | Annihilated by a two-headed ogre

Vault maps used:
D:1:      minmay_arrival_radiant_lines
D:2:      nemelex_xobeh_ov_fountains_minmay, chequers_ecumenical_altar_twisty,
          minmay_tall_x, uniq_sigmund, uniq_jessica
D:3:      first_bread
D:4:      nicolae_overflow_crystal_walls, minmay_temple_entry_grid
D:5:      gup_sewer_entry_spiral, st_stairs_8, uniq_grinder, uniq_blork_the_orc
D:6:      kennysheep_little_box, serial_shops, kennysheep_mini, shop, shop,
          basic_altar, fedhas_altar_2
D:7:      nicolae_ossuary_entry_catacombs, uniq_duvessa
D:8:      serial_undead, serial_undead_e, serial_undead_e, serial_undead_a,
          serial_undead_d, serial_undead_f, serial_undead_f, uniq_grum,
          uniq_psyche
D:9:      old_standard_altar, gammafunk_temple_overflow_wave,
          minmay_lair_entry_grove, tgw_kikubaaqudgha, uniq_erica
Temple:   regret_index_temple_sphere_string
Lair:1:   beast_lair_carwin_2, lemuel_fruit_tree, grunt_megastairs_2,
          uniq_fannar
Lair:3:   guppyfry_snake_entry_island, beast_lair_carwin_4,
          serial_bayou_shore_b, minmay_lair_oklob_chamber,
          infiniplex_staircase_pool, grunt_megastairs_3
Lair:4:   elwin_shoals_entry_stream, fungi_pond_lemuel
Lair:5:   minmay_slime_entry_oklob_enclosed, serial_forest,
          infiniplex_forest_lined_room_3, infiniplex_forest_zigzag_1,
          infiniplex_forest_clump_small, infiniplex_forest_straight_2,
          infiniplex_forest_corner_1, infiniplex_forest_end_3,
          infiniplex_forest_straight_2, infiniplex_forest_lined_room_3,
          infiniplex_forest_lined_room_3, cheibrodos_lair_lostbears,
          serial_bayou_shore_a
Lair:6:   due_jungle_book, st_stairs_11, minmay_stone_trees_medium, minivault_26
Orc:1:    basic_altar, serial_shops, shop
Orc:2:    st_orc_open, serial_shops, nicolae_shop_trees
Sewer:    sewer_minmay_treatment
Ossuary:  ossuary_boxes_badplayer

Skill      XL: |  1  2  3  4  5  6  7  8  9 10 11 12 13 14 |
---------------+-------------------------------------------+-----
Fighting       | 1 2 3 4 5 6 7 8 9 |  9.9
Stealth        | 3 4 6 7 8 10 11 12 13 | 13.9
Unarmed Combat | 1 2 3 4 |  4.2
Dodging        | 3 4 5 6 7 8 9 10 | 10.3
Earth Magic    | 4 5 6 7 8 |  8.8
Spellcasting   | 3 4 5 6 7 8 9 |  9.4
Short Blades   | 2 4 5 7 8 |  8.6
Conjurations   | 3 |  3.6
Hexes          | 3 4 6 7 |  7.1
Transmutations | 3 |  3.7

Action                   |  1- 3 |  4- 6 |  7- 9 | 10-12 | 13-15 || total
-------------------------+-------+-------+-------+-------+-------++-------
Melee: Unarmed           |   109 |    64 |   244 |       |       ||   417
       Constrict         |    32 |    19 |    93 |    35 |    29 ||   208
       Tentacles         |    24 |    10 |    62 |    61 |    90 ||   247
       Punch             |     1 |     1 |    15 |    16 |    12 ||    45
       Short sword       |       |       |     1 |       |       ||     1
       Rapier            |       |       |   156 |   385 |   417 ||   958
       Scimitar          |       |       |       |    10 |     8 ||    18
 Cast: Sandblast         |     5 |    36 |    78 |    74 |       ||   193
       Stone Arrow       |       |     5 |    11 |    16 |       ||    32
       Petrify           |       |       |     2 |    10 |       ||    12
       Ensorcelled Hiber |       |       |       |   102 |    56 ||   158
       Confuse           |       |       |       |    21 |    98 ||   119
       Tukima's Dance    |       |       |       |       |    17 ||    17
       Lee's Rapid Decon |       |       |       |       |     3 ||     3
Invok: Curse Item        |       |       |     1 |     2 |       ||     3
Evoke: Wand              |       |     3 |       |       |     6 ||     9
  Use: Scroll            |       |     3 |    16 |     9 |     7 ||    35
       Potion            |       |     2 |     1 |    25 |     7 ||    35
 Stab: Sleeping          |     5 |     7 |    45 |    45 |    47 ||   149
       Distracted        |     2 |     1 |     1 |     2 |     1 ||     7
       Confused          |       |       |     1 |     4 |    38 ||    43
       Petrified         |       |       |     2 |     7 |       ||     9
  Eat: Chunk             |     4 |     7 |    17 |    17 |    22 ||    67
       Fruit             |       |     2 |       |       |       ||     2
       Royal jelly       |       |       |     1 |     1 |     1 ||     3
       Meat ration       |       |       |     1 |     1 |     1 ||     3
       Bread ration      |       |       |       |     2 |     1 ||     3
Armor: Skin              |     4 |    19 |    17 |    39 |    13 ||    92
Dodge: Dodged            |    81 |    89 |   333 |   556 |   342 ||  1401
Block: Other             |       |       |       |    46 |    45 ||    91
       Rpst.: Scimitar   |       |       |       |     5 |       ||     5
